 Dungeon Crawl Stone Soup version 0.21.1-1-g345015f (webtiles) character file.

52 theblackcape the Caller (level 3, 0/25 HPs)
             Began as a Gnoll Summoner on June 22, 2018.
             Slain by a ball python (1 damage)
             ... on level 2 of the Dungeon.
             The game lasted 00:06:48 (2708 turns).

theblackcape the Caller (Gnoll Summoner)            Turns: 2708, Time: 00:06:49

Health: 0/25       AC:  2    Str: 11    XL:     3   Next: 85%
Magic:  2/9        EV: 11    Int: 17    God:
Gold:   117        SH:  0    Dex: 15    Spells: 9/12 levels left

rFire    x . .     SeeInvis .   (no weapon)
rCold    + . .     Gourm    .   (no shield)
rNeg     . . .     Faith    .   a - +0 robe
rPois    .         Spirit   .   (no helmet)
rElec    .         Reflect  .   (no cloak)
rCorr    .         Harm     .   (no gloves)
MR       .....                  (no boots)
Stlth    +++.......             (no amulet)
HPRegen  0.08/turn              f - ring of ice
MPRegen  0.11/turn              (no ring)

@: constricted
A: distributed training, fangs 1, strong nose
a: no special abilities


You were on level 2 of the Dungeon.
You were hungry.

You visited 1 branch of the dungeon, and saw 3 of its levels.

You collected 117 gold pieces.

Inventory:

Armour
 a - a +0 robe (worn)
Jewellery
 f - a ring of ice (left hand)
 j - an uncursed ring of poison resistance {unknown}
 k - an uncursed ring of magical power {unknown}
 o - a cursed amulet of inaccuracy {unknown}
 q - a +1 ring of protection {unknown}
Scrolls
 d - a scroll of identify {unknown}
 e - a scroll of teleportation
 g - a scroll of enchant weapon {unknown}
 l - a scroll of fear {unknown}
 m - a scroll of amnesia {unknown}
 n - a scroll of enchant armour {unknown}
 p - a scroll of fog {unknown}
Potions
 h - a potion of mutation {unknown}
 i - a potion of agility {unknown}
Books
 b - a book of Callings

   Spells                             Type                      Level
   a - Summon Small Mammal            Summoning                    1
   b - Call Imp                       Summoning                    2
   c - Call Canine Familiar           Summoning                    3
   d - Summon Guardian Golem          Hexes/Summoning              3
   e - Summon Lightning Spire         Summoning/Air                4
   f - Summon Ice Beast               Ice/Summoning                4
Comestibles
 c - 6 rations


   Skills:
 + Level 0.9 Fighting
 + Level 0.9 Short Blades
 + Level 0.9 Long Blades
 + Level 0.9 Axes
 + Level 0.9 Maces & Flails
 + Level 0.9 Polearms
 + Level 0.9 Staves
 + Level 0.9 Slings
 + Level 0.9 Bows
 + Level 0.9 Crossbows
 + Level 0.9 Throwing
 + Level 0.9 Armour
 + Level 4.5 Dodging
 + Level 4.2 Stealth
 + Level 0.9 Shields
 + Level 0.9 Unarmed Combat
 + Level 5.0 Spellcasting
 + Level 0.6 Conjurations
 + Level 0.6 Hexes
 + Level 0.6 Charms
 + Level 7.1 Summonings
 + Level 0.6 Necromancy
 + Level 0.6 Translocations
 + Level 0.6 Transmutations
 + Level 0.6 Fire Magic
 + Level 0.6 Ice Magic
 + Level 0.6 Air Magic
 + Level 0.6 Earth Magic
 + Level 0.6 Poison Magic
 + Level 1.0 Invocations
 + Level 0.9 Evocations


You had 9 spell levels left.
You knew the following spells:

 Your Spells              Type           Power        Failure   Level  Hunger
a - Summon Small Mammal   Summ           ####         1%          1    None
b - Call Imp              Summ           ####....     1%          2    #......


Dungeon Overview and Level Annotations

Branches:
Dungeon (3/15)

Altars:
Cheibriados
Ru
Vehumet
Yredelemnul

Annotations:
D:3 theblackcape's ghost, weakling GnSu


Innate Abilities, Weirdness & Mutations

Your experience applies equally to all skills.
You have very sharp teeth.
Your uncanny sense of smell can sniff out nearby items.


Message History

The ball python constricts you.
Your crimson imp hits the hobgoblin.
There is a stone staircase leading up here.
You escape the ball python's grasp.
Theblackcape's ghost promises, "I will read your future in your entrails."
Theblackcape's ghost hits your crimson imp.
Your crimson imp blinks!
The white imp gestures at you. The puff of frost hits you! You resist.
* * * LOW HITPOINT WARNING * * *
The ball python barely misses you. The ball python misses you.
The hobgoblin hits you but does no damage.
Your crimson imp barely misses the hobgoblin.
You climb upwards.
There is a stone staircase leading down here.
The hobgoblin hits you with a club.
* * * LOW HITPOINT WARNING * * *
The ball python bites you.
* * * LOW HITPOINT WARNING * * *
The ball python grabs you.
You die...

#............#
#............#
'.....#......###########
#5.......#+............#
#........#+.......÷....#
#.#..##+##+............#
.......................#
....#..................#
#.#<#...........@S.....#
#...#..........#.g.....#
#####÷.........#...>...#
# #..........#.......# #
#..........#.......# #
#..........#.......# #
####################


You could see a hobgoblin and a ball python.

Vanquished Creatures
  A hobgoblin (D:1)
  A quokka (D:2)
  3 bats
  A frilled lizard (D:1)
  A rat (D:1)
7 creatures vanquished.

Vanquished Creatures (collateral kills)
  3 adders (D:2)
  2 worms (D:2)
  A leopard gecko (D:3)
  2 bats (D:1)
  2 giant cockroaches
  3 goblins
  7 hobgoblins
  3 jackals (D:1)
  A quokka (D:2)
  5 frilled lizards
  8 kobolds
  3 rats
40 creatures vanquished.

Vanquished Creatures (others)
  4 toadstools (D:1)
4 creatures vanquished.

Grand Total: 51 creatures vanquished

Notes
Turn   | Place    | Note
-------+----------+-------------------------------------------
     0 | D:1      | theblackcape the Gnoll Summoner began the quest for the Orb.
     0 | D:1      | Reached XP level 1. HP: 13/13 MP: 6/6
   267 | D:1      | Reached XP level 2. HP: 4/19 MP: 3/7
  1525 | D:2      | Reached XP level 3. HP: 16/25 MP: 6/9
  1537 | D:2      | Reached skill level 5 in Spellcasting
  1866 | D:2      | Found a snail-covered altar of Cheibriados.
  1866 | D:2      | Found a radiant altar of Vehumet.
  1952 | D:2      | Learned a level 2 spell: Call Imp
  1964 | D:2      | Found a basalt altar of Yredelemnul.
  1989 | D:2      | Reached skill level 1 in Invocations
  2283 | D:2      | Found a sacrificial altar of Ru.
  2678 | D:3      | Noticed theblackcape's ghost (weakling GnSu)
  2708 | D:2      | HP: 1/25 [ball python (1)]
  2708 | D:2      | Slain by a ball python

Skill      XL: |  1  2  3 |
---------------+----------+-----
Spellcasting   | 5 |  5.0
Invocations    | 1 |  1.0
Fighting       | |  0.9
Short Blades   | |  0.9
Long Blades    | |  0.9
Axes           | |  0.9
Maces & Flails | |  0.9
Polearms       | |  0.9
Staves         | |  0.9
Slings         | |  0.9
Bows           | |  0.9
Crossbows      | |  0.9
Throwing       | |  0.9
Armour         | |  0.9
Dodging        | |  4.5
Stealth        | |  4.2
Shields        | |  0.9
Unarmed Combat | |  0.9
Conjurations   | |  0.6
Hexes          | |  0.6
Charms         | |  0.6
Summonings     | |  7.1
Necromancy     | |  0.6
Translocations | |  0.6
Transmutations | |  0.6
Fire Magic     | |  0.6
Ice Magic      | |  0.6
Air Magic      | |  0.6
Earth Magic    | |  0.6
Poison Magic   | |  0.6
Evocations     | |  0.9

Action                   || total
-------------------------++-------
Melee: Unarmed           ||    84
       Bite              ||     7
 Cast: Summon Small Mamm ||    52
       Call Imp          ||    11
  Use: Scroll            ||     1
 Stab: Sleeping          ||     2
       Distracted        ||     1
  Eat: Chunk             ||     5
Armor: Robe              ||    37
Dodge: Dodged            ||   123
